 Dungeon Crawl Stone Soup version 0.17-a0-1301-ga863c44 (webtiles) character file.

235 InterDimensionalOwl the Sneak (level 6, -3/52 HPs)
             Began as a Naga Air Elementalist on June 7, 2015.
             Was an Initiate of Sif Muna.
             Killed from afar by an orc wizard (6 damage)
             ... with a puff of frost
             ... on level 4 of the Dungeon.
             The game lasted 00:36:27 (3980 turns).

InterDimensionalOwl the Sneak (NaAE)                Turns: 3980, Time: 00:36:27

Health: -3/52      AC:  8    Str: 16    XL:     6   Next: 5%
Magic:  1/11       EV:  5    Int: 16    God:    Sif Muna [......]
Gold:   165        SH:  0    Dex: 12    Spells: 2 memorised, 8 levels left

rFire  . . .     SeeInvis +     k - +1 dagger (protect)
rCold  . . .     Clarity  .     f - +0 robe
rNeg   . . .     SustAt   .     (no shield)
rPois  +         Gourm    .     (no helmet)
rElec  .         Spirit   .     (no cloak)
rCorr  .         Warding  .     (no gloves)
rMut   .         Stasis   .     (no barding)
MR     +....                    (no amulet)
Stlth  +++.......               (no ring)
                                o - ring of teleport control

@: mighty, very slightly contaminated, very slow, somewhat resistant to hostile
enchantments, fairly stealthy
A: see invisible, deformed body, magic resistance 1, poison resistance, slowness
2, slow metabolism 1, spit poison 2, evolution 1, AC +2
a: Spit Poison, Renounce Religion, Evoke Teleport Control


You were on level 4 of the Dungeon.
You worshipped Sif Muna.
Sif Muna was noncommittal.
You were not hungry.

You visited 1 branch of the dungeon, and saw 4 of its levels.

You collected 165 gold pieces.

Inventory:

Hand weapons
 a - a +1 dagger of venom
 b - a +0 hunting sling
 d - a +0 dagger
 k - a +1 dagger of protection (weapon)
 s - a +1 short sword of electrocution
Missiles
 h - 121 stones
 n - 8 tomahawks (quivered)
Armour
 f - a +0 robe (worn)
Jewellery
 o - a ring of teleport control (left hand)
 v - an uncursed ring of protection from magic {unknown}
 z - a +5 ring of intelligence {unknown}
Potions
 i - 2 potions of magic {unknown}
 m - 3 potions of might
 p - 2 potions of haste {unknown}
 r - a potion of cancellation {unknown}
 u - 2 potions of lignification {unknown}
 x - a potion of curing {unknown}
Books
 e - a book of Air

   Spells                             Type                      Level
   a - Shock                          Conjuration/Air              1
   b - Swiftness                      Charms/Air                   2
   c - Repel Missiles                 Charms/Air                   2
   d - Static Discharge               Conjuration/Air              3
   e - Lightning Bolt                 Conjuration/Air              5
Comestibles
 c - 2 bread rations
 j - 2 beef jerkies
 l - 2 slices of pizza
 q - a meat ration
 t - 2 fruits


   Skills:
 - Level 2.0 Fighting
 - Level 2.0 Short Blades
 - Level 1.5 Dodging
 - Level 5.1 Stealth
 + Level 3.4 Spellcasting
 - Level 1.0 Conjurations
 + Level 3.7 Air Magic


You had 8 spell levels left.
You knew the following spells:

 Your Spells              Type           Power        Failure   Level  Hunger
a - Shock                 Conj/Air       ##..         10%         1    None
b - Repel Missiles        Chrm/Air       #.....       14%         2    ##.....


Dungeon Overview and Level Annotations

Branches:
Dungeon (4/15)
 Temple: D:4-7

Altars:
Elyvilon
Kikubaaqudgha
Makhleb
Okawaru
Sif Muna
Zin
The Shining One


Innate Abilities, Weirdness & Mutations

You cannot wear boots.
Your serpentine skin is tough (AC +2).
You have supernaturally acute eyesight.
Armour fits poorly on your strangely shaped body.
Your system is resistant to poisons.
You cover ground very slowly.
You have a slow metabolism.
You can spit poison.
You are resistant to hostile enchantments.
You evolve.


Message History

Press: ? - help, Shift-Dir - straight line, f/p - scorpion
Aim: a scorpion (almost dead)
The zap hits the orc wizard.
The orc wizard is severely wounded.
The zap hits the scorpion.
The scorpion is almost dead.
The orc wizard hits you but does no damage.
The orc wizard gestures at you while chanting.
The magic dart hits you!
* * * LOW HITPOINT WARNING * * *
Drink which item? (? for menu, Esc to quit)
Okay, then.
Read which item? (? for menu, Esc to quit)
Blink to where?
Press: ? - help, Dir - move target cursor
As you read the scroll of blinking, it crumbles to dust.
There is a stone staircase leading up here.
The orc wizard points at you and mumbles some strange words.
The puff of frost hits you!
You die...

########### #.........#
#.........+
+.........#+###
#.....##+#....#
###########
#.....#..+....#
#..........
#.....'..#.@o.# #........
#.....#'##....####......
##+##....###.......##'##+#
+....'.'.......o.s)..+
#....###.....#######.#
#...###...#'#...#####'###
+...+ #...+.'...+....)...
#... +...#+#...#.##.....
..... #........##.##...##


You could see an orc wizard.

Vanquished Creatures
  2 orc priests (D:3)
  An orc wizard (D:4)
  6 adders
  4 oozes
  A worm (D:3)
  5 orcs
  2 ball pythons
  4 bats
  7 hobgoblins
  2 jackals (D:1)
  6 giant cockroaches
  3 giant geckos
  A giant gecko skeleton (D:4)
  2 giant newts (D:2)
  10 goblins
  5 kobolds
  5 rats
66 creatures vanquished.

Notes
Turn   | Place    | Note
--------------------------------------------------------------
     0 | D:1      | InterDimensionalOwl the Naga Air Elementalist began the quest for the Orb.
     0 | D:1      | Reached XP level 1. HP: 15/15 MP: 3/3
     2 | D:1      | Noticed a vine stalker
     2 | D:1      | Noticed an ogre
     4 | D:1      | Noticed a naga
     6 | D:1      | Noticed a draconian
     6 | D:1      | Noticed a demigod
     8 | D:1      | Noticed a gargoyle
    10 | D:1      | Noticed an elf
    10 | D:1      | Noticed a human
    12 | D:1      | Noticed a centaur
    12 | D:1      | Noticed a formicid
    14 | D:1      | Noticed a spriggan
    14 | D:1      | Noticed a tengu
    16 | D:1      | Noticed an octopode
    16 | D:1      | Noticed a ghoul
    18 | D:1      | Noticed a minotaur
    20 | D:1      | Noticed a dwarf
    22 | D:1      | Noticed a merfolk
    24 | D:1      | Noticed a vampire
    24 | D:1      | Noticed a demonspawn
    26 | D:1      | Noticed a troll
    26 | D:1      | Noticed a felid
    47 | D:1      | Reached XP level 2. HP: 13/22 MP: 0/5
   775 | D:1      | Learned a level 2 spell: Repel Missiles
  1010 | D:1      | Reached XP level 3. HP: 20/30 MP: 3/6
  1281 | D:1      | Gained mutation: You evolve. [potion of beneficial mutation]
  1314 | D:2      | Reached skill level 1 in Short Blades
  1515 | D:2      | Reached skill level 1 in Fighting
  1598 | D:2      | Gained mutation: You are resistant to hostile enchantments. [evolution]
  1960 | D:2      | Found a glowing golden altar of the Shining One.
  1975 | D:2      | Found an ancient bone altar of Kikubaaqudgha.
  1975 | D:2      | Found an iron altar of Okawaru.
  1975 | D:2      | Found a deep blue altar of Sif Muna.
  1975 | D:2      | Found a white marble altar of Elyvilon.
  1979 | D:2      | Found a burning altar of Makhleb.
  1980 | D:2      | Found a glowing silver altar of Zin.
  1999 | D:2      | Became a worshipper of Sif Muna the Loreminder
  2071 | D:2      | Reached XP level 4. HP: 26/38 MP: 0/7
  2963 | D:3      | Reached skill level 4 in Stealth
  3375 | D:3      | Reached XP level 5. HP: 42/45 MP: 0/9
  3477 | D:3      | Reached skill level 5 in Stealth
  3967 | D:4      | Reached XP level 6. HP: 12/52 MP: 4/11
  3975 | D:4      | HP: 2/52 [orc wizard/magic dart (7)]
  3980 | D:4      | Killed from afar by an orc wizard

Vault maps used:
D:1:      kb_arrival_jail, kennysheep_another_room, st_stairs_1,
          minmay_misc_feat_secret_circle
D:2:      minitemple

Action                   |  1- 3 |  4- 6 || total
-------------------------+-------+-------++-------
Melee: Unarmed           |     7 |       ||     7
       Dagger            |    29 |    45 ||    74
 Fire: Hunting sling     |     2 |       ||     2
Throw: Stone             |     7 |       ||     7
 Cast: Shock             |    56 |    69 ||   125
       Repel Missiles    |     1 |       ||     1
 Abil: Spit Poison       |       |     4 ||     4
  Use: Scroll            |     3 |     4 ||     7
       Potion            |     1 |     1 ||     2
 Stab: Sleeping          |     5 |     4 ||     9
       Distracted        |       |     1 ||     1
  Eat: Chunk             |     3 |     6 ||     9
